 Dungeon Crawl Stone Soup version 0.16-a0-1212-geefc3ab (webtiles) character file.

16479860 prestonbroadus the Slayer (level 27, 208/208 HPs)
             Began as an Ogre Gladiator on Oct 9, 2014.
             Was the Champion of Okawaru.
             Escaped with the Orb
             ... and 15 runes on Oct 12, 2014!
             The game lasted 14:26:11 (94143 turns).

prestonbroadus the Slayer (Ogre Gladiator)         Turns: 94143, Time: 14:26:12

Health: 208/208    AC: 27    Str: 29    XL:     27
Magic:  46/46      EV: 24    Int: 10    God:    Okawaru [******]
Gold:   9223       SH:  0    Dex: 15    Spells: 20 memorised, 5 levels left

rFire  + + +     SeeInvis +     B - +7 giant club "Bli Lee" {speed, rElec rN+ MR+}
rCold  + . .     Clarity  .     K - +8 fire dragon armour of the Six Ghosts {rPois rF++ rC- MR+}
rNeg   + . .     SustAb   .     (shield restricted)
rPois  +         Gourm    .     c - +1 hat "Ype Tann" {rF+ rC+}
rElec  +         Spirit   .     H - +2 cloak of Inviolability {Slay+6}
rCorr  .         Warding  .     (gloves unavailable)
rMut   .         Stasis   .     (boots unavailable)
MR     ++++.                    F - amulet "Waorchem" {Slay+4 SInv Regen}
Stlth  ..........               Z - +5 ring of evasion
                                V - ring "Barazez" {Wiz rC+}

@: repel missiles, incredibly resistant to hostile enchantments, extremely
unstealthy
A: unfitting armour, tough skin 1
a: Heroism, Finesse, Renounce Religion
0: Orb of Zot
}: 15/15 runes: serpentine, barnacled, slimy, silver, golden, iron, obsidian,
icy, bone, abyssal, demonic, glowing, magical, fiery, dark


You escaped.
You worshipped Okawaru.
Okawaru was exalted by your worship.
You were not hungry.

You visited 17 branches of the dungeon, and saw 96 of its levels.
You visited Pandemonium 2 times, and saw 25 of its levels.
You visited the Abyss 3 times.
You also visited: Labyrinth, Ossuary and Ice Cave.

You collected 15208 gold pieces.
You spent 5985 gold pieces at shops.

Inventory:

Hand weapons
 B - the +7 giant club "Bli Lee" (weapon) {speed, rElec rN+ MR+}
   (Okawaru gifted it to you on level 14 of the Dungeon)

   Attacks with this weapon are significantly faster.
   It insulates you from electricity.
   It protects you from negative energy.
   It affects your resistance to hostile enchantments.
 O - a +9 giant spiked club of freezing
Missiles
 b - 25 javelins of penetration
 e - 84 large rocks
 C - 7 silver javelins
 Q - 7 silver tomahawks
 R - 26 steel javelins
 T - 32 javelins of returning
 X - 11 throwing nets (quivered)
Armour
 c - the +1 hat "Ype Tann" (worn) {rF+ rC+}
   (You found it on level 12 of the Dungeon)

   It protects you from fire.
   It protects you from cold.
 H - the +2 cloak of Inviolability (worn) {Slay+6}
   (Okawaru gifted it to you on level 5 of the Vaults)

   It affects your accuracy and damage with ranged weapons and melee attacks
   (+6).
 K - the cursed +8 fire dragon armour of the Six Ghosts (worn) {rPois rF++ rC- MR+}
   (You bought it in a shop on level 5 of the Snake Pit)

   It greatly protects you from fire.
   It makes you vulnerable to cold.
   It protects you from poison.
   It affects your resistance to hostile enchantments.
   It has a curse placed upon it.
Magical devices
 o - a wand of digging (13)
 p - a wand of disintegration (10)
 x - a wand of fire (7)
 E - a wand of teleportation (0)
 P - a wand of teleportation (7)
 S - a wand of heal wounds (3)
 U - a wand of cold (13)
Comestibles
 f - 6 meat rations
Scrolls
 a - a scroll of holy word
 i - 11 scrolls of recharging
 l - 5 scrolls of silence
 m - 31 scrolls of remove curse
 n - 28 scrolls of identify
 u - 9 scrolls of fog
 y - 12 scrolls of blinking
 N - a scroll of magic mapping
 Y - 4 scrolls of summoning
Jewellery
 d - an uncursed amulet of resist mutation
 h - the ring of Duqoiff {rF+ rC++ Int-1 SInv}
   (You bought it in a shop on level 2 of the Depths)

   [ring of see invisible]

   It affects your intelligence (-1).
   It protects you from fire.
   It greatly protects you from cold.
   It enhances your eyesight.
 r - a cursed -4 ring of evasion
 F - the amulet "Waorchem" (around neck) {Slay+4 SInv Regen}
   (You found it on level 3 of the Depths)

   [amulet of regeneration]

   It affects your accuracy and damage with ranged weapons and melee attacks
   (+4).
   It enhances your eyesight.
   It increases your rate of regeneration.
 V - the ring "Barazez" (left hand) {Wiz rC+}
   (You found it in Pandemonium)

   [ring of wizardry]

   It improves your spell success rate.
   It protects you from cold.
 Z - a +5 ring of evasion (right hand)
Potions
 g - 6 potions of resistance
 j - 7 potions of brilliance
 q - 3 potions of cancellation
 w - 8 potions of curing
 z - 10 potions of might
 A - 7 potions of magic
 D - 9 potions of restore abilities
 J - 5 potions of agility
 L - a potion of haste
 M - a potion of cure mutation
Miscellaneous
 k - a fan of gales
 s - the horn of Geryon
 v - a phial of floods
 G - a fan of gales


   Skills:
 - Level 25.7 Fighting
 - Level 22.5 Maces & Flails
 - Level 22.0 Throwing
 - Level 15.6 Armour
 - Level 18.4 Dodging
 + Level 20.3 Spellcasting
 - Level 13.3 Charms
 - Level 4.0 Summonings
 + Level 19.9 Necromancy
 + Level 15.6 Translocations
 - Level 3.6 Air Magic
 - Level 11.0 Invocations
 - Level 13.0 Evocations


You had 5 spell levels left.
You knew the following spells:

 Your Spells              Type           Power        Failure   Level  Hunger
a - Swiftness             Chrm/Air       ####....     1%          2    None
b - Repel Missiles        Chrm/Air       ####..       1%          2    None
c - Flight                Chrm/Air       ####......   1%          3    None
d - Dispel Undead         Necr           ######..     1%          5    ####...
e - Animate Dead          Necr           N/A          0%          4    ##.....
f - Regeneration          Chrm/Necr      #####.....   1%          3    None
g - Blink                 Tloc           N/A          0%          2    None
h - Portal Projectile     Tloc           #####.       1%          3    None
i - Apportation           Tloc           #####.....   0%          1    None
j - Shroud of Golubria    Chrm/Tloc      #####.....   1%          2    None
k - Corpse Rot            Necr           N/A          0%          2    None
l - Summon Butterflies    Summ           ###.....     1%          1    None
m - Animate Skeleton      Necr           N/A          0%          1    None
n - Stoneskin             Trmt/Erth      ##......     4%          2    None
o - Haste                 Chrm           #####...     1%          6    ######.
p - Control Teleport      Chrm/Tloc      #####.....   1%          4    ##.....
q - Phase Shift           Tloc           #####.....   1%          5    ####...
r - Sublimation of Blood  Necr           ######....   0%          2    None
s - Borgnjor's Revivific  Necr           ######....   4%          8    #######
t - Abjuration            Summ           ###.......   1%          3    None


Dungeon Overview and Level Annotations

Branches:
Dungeon (15/15)            Temple (0/1) D:6             Orc (4/4) D:12
    Elf (3/3) Orc:3          Lair (8/8) D:8          Shoals (5/5) Lair:4
  Snake (5/5) Lair:4        Slime (6/6) Lair:6       Vaults (5/5) D:14
  Crypt (3/3) Vaults:2       Tomb (3/3) Crypt:3      Depths (5/5) D:15
   Hell (1/1)                 Dis (7/7) Hell            Geh (7/7) Hell
    Coc (7/7) Hell            Tar (7/7) Hell            Zot (5/5) Depths:5

Altars:
Elyvilon
Fedhas
Gozag
Kikubaaqudgha
Nemelex Xobeh
Okawaru
Vehumet
Yredelemnul
Zin
The Shining One
Beogh
Jiyva

Shops:
D:8 *   D:11 :   D:12 ?   D:13 *:([   Orc:4 %*((!   Elf:1 [   Snake:3 }
Snake:5 [!   Vaults:3 (   Vaults:4 [   Depths:2 =   Depths:5 =}?

Portals:
Hell: Depths:1 Depths:2 Depths:3 Depths:4 Depths:5
Abyss: Depths:4
Pandemonium: Depths:3
Ziggurat: Depths:3
Trove: Depths:1 (give +3 storm dragon armour)

Annotations:
D:4 Menkaure
D:9 exclusion: 2 oklob saplings
Elf:3 1 exclusion
Shoals:4 exclusion: 2 downstairs
Geh:7 Asmodeus
Coc:7 Antaeus


Innate Abilities, Weirdness & Mutations

You are too large for most types of armour.
You have tough skin (AC +1).


Message History

You climb upwards.
You sense a powerful magical force warping space.
There is a stone staircase leading down here.
Evoke which item? (* to show all) (? for menu, Esc to quit)
Zapping:
p - a wand of disintegration (11)
Press: ? - help, Shift-Dir - straight line The rock wall explodes into countless fragments.
This wand has 10 charges left.
There is a stone staircase leading up here.
You climb upwards.
You sense a powerful magical force warping space.
There is a stone staircase leading down here.
Evoke which item? (* to show all) (? for menu, Esc to quit)
Zapping:
o - a wand of digging (14)
Press: ? - help, Shift-Dir - straight line The rock shatters into small pieces.
This wand has 13 charges left.
There is an open door here.
There is a staircase leading out of the dungeon here.
Enter note: https://www.youtube.com/watch?v=hT46dmgbGvY You have escaped!

#≈≈≈##...#.......##.
#≈≈≈≈'...'.#####.##.
#≈≈≈##...### #.##.
#≈≈.#...## #....
#≈.##...# #####
#≈.#...## #>##...#
###...## #.@.##
#####


There were no monsters in sight!

Vanquished Creatures
  Cerebov (Pan)
  the Serpent of Hell (Coc:7)
  the royal jelly (Slime:6)
  Ereshkigal (Tar:7)
  Gloorx Vloq (Pan)
  Mnoleg (Pan)
  Lom Lobon (Pan)
  Dispater (Dis:7)
  3 orbs of fire (Zot:5)
  6 ancient liches
  27 greater mummies
  A curse toe (Zot:3)
  Sojobo (Depths:1)
  6 pandemonium lords (Pan)
  6 Killer Klowns
  Margery (Depths:5)
  Mara (Shoals:4)
  Mennas (Depths:3)
  Geryon (Hell)
  12 golden dragons
  12 Brimstone Fiends
  Jory (Vaults:3)
  2 electric golems
  Xtahua (Vaults:4)
  Frederick (Depths:3)
  the Enchantress (Depths:1)
  Nikola (Vaults:3)
  4 bone dragons
  20 tentacled monstrosities
  7 Hell Sentinels
  20 Orb Guardians
  9 Ice Fiends
  8 titans
  3 quicksilver dragons
  Asterion (Depths:3)
  10 Shadow Fiends
  3 deep elf blademasters
  4 deep elf master archers (Elf:3)
  17 acid blobs
  3 tentacled starspawn (Abyss:1)
  7 liches
  2 krakens (Shoals:5)
  8 storm dragons
  3 octopode crushers
  15 ancient champions
  10 sphinxes
  12 Executioners
  Rupert (D:15)
  Agnes (Vaults:2)
  3 shadow dragons
  Frances (Shoals:1)
  Kirke (Shoals:3)
  2 revenants
  2 draconian monks
  An azure jelly (shapeshifter) (Vaults:5)
  7 tengu reavers
  Roxanne (Elf:3)
  4 azure jellies
  Ilsuiw (Shoals:5)
  The ghost of vogonpoet the Brawler, a powerful TrDK of Yredelemnul (IceCv)
  Donald (Vaults:4)
  5 frost giants
  5 greater nagas (Snake:5)
  12 vault wardens
  2 draconian scorchers
  5 iron dragons
  16 fire giants
  4 deep elf sorcerers
  Aizul (Shoals:4)
  2 emperor scorpions
  A ghost moth (Zot:5)
  4 draconian knights
  20 balrugs
  2 curse skulls
  Gastronok (D:12)
  13 cacodemons
  35 reapers
  6 draconian annihilators
  3 warmongers (Pan)
  Jorgrun (Shoals:2)
  4 ghouls (Crypt:1)
  13 war gargoyles
  9 spriggan defenders
  4 blood saints (Pan)
  2 bennus (Tomb:3)
  3 elemental wellsprings (Coc:7)
  The ghost of Const the Eclecticist, a powerful DECj of Sif Muna (IceCv)
  A draconian caller (Zot:2)
  16 very ugly things
  8 deep elf demonologists
  17 stone giants
  6 green draconians
  7 vampire knights
  7 grey draconians
  6 lorocyprocas
  3 corrupters (Pan)
  Azrael (Elf:3)
  A salamander firebrand (Hell)
  3 purple draconians
  5 black draconians
  3 pale draconians
  2 dire elephants
  2 yellow draconians
  4 white draconians
  4 mottled draconians
  10 deep elf annihilators
  3 red draconians
  5 chaos champions (Pan)
  5 black suns (Pan)
  6 ettins
  An eidolon (Crypt:1)
  Snorg (Lair:4)
  11 blizzard demons
  8 merfolk javelineers
  An unborn (Tomb:2)
  A quicksilver dragon zombie (Geh:7)
  21 mummy priests
  15 fire dragons
  8 jiangshi
  11 deep elf death magi
  11 green deaths
  8 death oozes (Slime:6)
  7 minotaurs
  9 great orbs of eyes
  9 merfolk impalers
  A kraken zombie (Coc:4)
  A fire dragon (shapeshifter) (Vaults:5)
  8 deep elf high priests
  16 ogre magi
  23 yaktaur captains
  30 vault guards
  Fannar (D:10)
  A quicksilver dragon skeleton (Tar:3)
  13 ironheart preservers
  7 death cobs
  24 ice dragons
  10 hydras
  8 naga warriors
  A ghost crab (shapeshifter) (Depths:5)
  5 rakshasas
  4 spriggan air magi
  Nessos (D:14)
  8 monstrous demonspawn (Pan)
  4 merfolk avatars
  A ghost crab (Crypt:1)
  Erica (Lair:5)
  4 merfolk aquamancers
  14 dancing weapons
  12 centaur warriors
  7 deep troll earth magi
  3 satyrs
  6 human skeletons
  7 anacondas
  3 death knights
  11 deep troll shamans
  3 vampire magi
  3 orc high priests (Orc:4)
  17 death yaks
  2 titan zombies
  4 hell hogs (Hell)
  18 naga sharpshooters
  7 shock serpents
  Urug (Shoals:1)
  23 soul eaters
  35 hell knights
  2 storm dragon zombies
  5 thrashing horrors (Abyss:3)
  Nergalle (Lair:3)
  2 iron golems (Hell)
  2 catoblepae
  7 spriggan berserkers
  3 iron trolls
  6 shadow wraiths
  14 ice devils
  27 deep elf knights
  A fire crab (Vaults:3)
  29 deep trolls
  5 salamander mystics
  11 sun demons
  5 giant orange brains
  84 skeletal warriors
  6 storm dragon skeletons
  4 anaconda zombies
  13 sea snakes
  4 golden dragon zombies
  9 deep elf summoners
  10 naga ritualists
  5 gelid demonspawn (Pan)
  9 wizards
  6 flayed ghosts
  3 unseen horrors
  2 ice statues
  16 shadow demons
  2 silver statues
  6 infernal demonspawn (Pan)
  A tengu zombie (Depths:1)
  Pikel (D:4)
  11 putrid demonspawn
  3 shadow dragon zombies
  3 wolf spiders
  4 golden dragon skeletons
  2 torturous demonspawn (Pan)
  14 ironbrand convokers
  8 hill giants
  4 oklob plants
  6 anaconda skeletons
  19 deep elf conjurers
  11 orc knights
  An iron dragon zombie (Dis:7)
  2 red wasps (shapeshifter) (D:15)
  2 wolf spider zombies
  16 harpies
  25 large abominations
  3 fire giant zombies
  10 hellions
  4 mana vipers
  11 cyclopes
  4 frost giant zombies
  24 necromancers
  3 shadow dragon skeletons
  A faun (shapeshifter) (D:14)
  17 salamanders
  3 tengu skeletons
  19 moths of wrath
  3 draconians (shapeshifter) (D:15)
  7 manticores
  2 stone giant zombies
  16 griffons
  42 ugly things
  A shining eye (Slime:6)
  7 water nymphs
  23 fauns
  5 guardian serpents
  5 orc sorcerers
  13 phantasmal warriors
  A black mamba (shapeshifter) (D:15)
  4 red wasps
  An eye of devastation (shapeshifter) (Depths:3)
  2 dire elephant zombies
  5 iron dragon skeletons
  7 elephants
  32 sixfirhies
  5 stone giant skeletons
  A shock serpent zombie (Abyss:1)
  14 sirens
  16 vault sentinels
  5 fire giant skeletons
  An eye of devastation (Slime:6)
  6 molten gargoyles (Geh:7)
  36 black mambas
  A drowned soul (Shoals:5)
  30 smoke demons
  12 tormentors
  3 frost giant skeletons
  A guardian serpent (shapeshifter) (Elf:1)
  An orange crystal statue (Zot:3)
  27 orange demons
  2 centaur skeletons
  An apocalypse crab (Abyss:3)
  27 spiny frogs
  2 torpor snails
  Psyche (D:13)
  6 gargoyles
  A shock serpent skeleton (Crypt:1)
  29 naga magi
  4 dire elephant skeletons
  2 anaconda simulacra (Hell)
  A spiny frog (shapeshifter) (Depths:1)
  A storm dragon simulacrum (Depths:2)
  74 yaktaurs
  A titan simulacrum (Tomb:2)
  2 emperor scorpion zombies
  A queen ant (Lair:1)
  A spriggan zombie (Hell)
  11 blue devils
  7 efreet
  A komodo dragon (shapeshifter) (Depths:4)
  3 harpy zombies
  26 hellwings
  A kobold demonologist (D:12)
  3 fire drakes
  27 rust devils
  88 guardian mummies
  32 red devils
  23 deep elf priests
  66 merfolk
  8 demonic crawlers
  A merfolk (shapeshifter) (Vaults:5)
  8 trolls
  A purple draconian skeleton (Crypt:2)
  A jumping spider (Abyss:1)
  6 komodo dragons
  5 hydra zombies
  32 freezing wraiths
  2 burning bushes (Zot:3)
  A queen bee (shapeshifter) (Vaults:4)
  23 blink frogs
  3 ancient zymes (Abyss:3)
  2 harpy skeletons
  A wind drake (Shoals:2)
  A troll (shapeshifter) (Vaults:2)
  4 boulder beetles
  2 wind drakes (shapeshifter)
  3 ice dragon zombies
  3 silent spectres
  2 snapping turtles (shapeshifter)
  A raiju (shapeshifter) (Depths:4)
  2 raiju (Abyss:3)
  4 hydra skeletons
  2 ravens (shapeshifter)
  A basilisk (shapeshifter) (Depths:4)
  4 fire dragon zombies
  A catoblepas skeleton (Crypt:3)
  29 two-headed ogres
  A trapdoor spider (D:14)
  8 alligator zombies
  54 slime creatures
  4 basilisks
  A bog body (Crypt:1)
  17 wraiths
  5 ettin zombies
  2 iron dragon simulacra
  A spriggan (shapeshifter) (Elf:1)
  3 ettin skeletons
  16 snapping turtles
  13 ynoxinuls
  3 air elementals (Depths:3)
  3 ice dragon skeletons
  A satyr skeleton (Crypt:2)
  9 starcursed masses
  4 fire dragon skeletons
  32 shadows
  13 chaos spawn
  22 water elementals
  2 deep troll skeletons (Depths:1)
  2 redbacks (Vaults:1)
  4 spriggans
  72 yaks
  2 griffon skeletons
  8 wyverns
  2 stone giant simulacra (Crypt:1)
  7 golden eyes
  4 vampires
  59 flying skulls
  2 hogs (Shoals:3)
  10 hippogriffs
  41 deep elf fighters
  29 deep elf magi
  A spriggan skeleton (Depths:5)
  A wind drake skeleton (Crypt:1)
  A redback (shapeshifter) (Depths:5)
  A hill giant zombie (D:14)
  2 black mamba skeletons
  19 humans (D:14)
  A hippogriff (shapeshifter) (Elf:3)
  5 hungry ghosts
  22 neqoxecs
  2 hell beasts
  6 wolves (Lair:3)
  10 wargs
  5 wandering mushrooms
  7 human zombies
  12 fire elementals
  Edmund (D:7)
  4 mottled dragons
  63 nagas
  34 vampire mosquitoes
  3 deep troll zombies
  21 soldier ants
  2 death yak simulacra (IceCv)
  A gelid demonspawn zombie (Crypt:2)
  9 porcupines
  A water nymph zombie (Crypt:2)
  7 spiny frog zombies
  2 hydra simulacra
  24 hell hounds
  27 water moccasins
  A sky beast (D:14)
  2 yellow wasps (Depths:5)
  30 orc warriors
  A slave (D:4)
  28 ice beasts
  2 snapping turtle zombies
  A swamp dragon zombie (Geh:7)
  A blink frog zombie (Crypt:1)
  8 spiders (Lair:6)
  A black bear (shapeshifter) (Vaults:4)
  65 ogres
  An alligator simulacrum (IceCv)
  A hog zombie (Crypt:2)
  A phantom (Tar:3)
  5 lost souls
  8 boggarts
  12 necrophages
  A black bear (D:9)
  A sky beast (shapeshifter) (Vaults:3)
  A torpor snail zombie (Depths:1)
  A boring beetle (Lair:4)
  An ettin simulacrum (Crypt:1)
  2 fire dragon simulacra
  A manticore skeleton (Coc:4)
  3 snapping turtle skeletons
  3 swamp dragon skeletons
  Duvessa (D:5)
  4 big kobolds
  31 centaurs
  10 crocodiles
  28 giant frogs
  2 vampire mosquito zombies (D:12)
  2 yaktaur zombies
  4 elf zombies
  2 brain worms
  A hog skeleton (Crypt:2)
  A wyvern zombie (D:14)
  3 yaktaur skeletons
  2 hell hound zombies (Tar:6)
  A cyclops zombie (D:11)
  An elf skeleton (Tar:7)
  A cyclops skeleton (D:11)
  3 water moccasin zombies (Ossuary)
  2 eyes of draining
  A yak zombie (D:9)
  A scorpion (D:10)
  A hippogriff zombie (D:11)
  An oklob sapling (Zot:3)
  A snapping turtle simulacrum (Crypt:2)
  8 killer bees
  A swamp dragon simulacrum (IceCv)
  A troll zombie (Crypt:2)
  3 electric eels (Lair:8)
  A wolf zombie (Crypt:1)
  A giant frog zombie (D:5)
  13 small abominations
  68 wights
  Dowan (D:5)
  3 quasits
  28 orc priests
  A two-headed ogre zombie (D:12)
  9 crimson imps
  14 iron imps
  A basilisk zombie (D:14)
  A black bear zombie (Crypt:1)
  4 draconian simulacra (IceCv)
  15 jellies
  Crazy Yiuf (D:4)
  A yellow wasp zombie (Crypt:2)
  3 hounds
  2 giant frog skeletons
  Natasha (thrice) (D:5)
  16 iguanas
  39 orc wizards
  33 worker ants
  5 lightning spires
  30 sheep
  3 big kobold zombies (Ossuary)
  A mottled dragon zombie (D:11)
  3 orange rats
  7 troll simulacra (IceCv)
  Ijyb (D:5)
  A dwarf zombie (Crypt:1)
  An ogre skeleton (D:6)
  3 centaur simulacra (IceCv)
  A mottled dragon skeleton (D:11)
  A crocodile skeleton (D:12)
  55 mummies
  2 worker ant zombies (D:6)
  15 gnolls
  6 gnoll zombies
  3 naga simulacra (IceCv)
  22 adders
  76 green rats
  3 ogre simulacra (IceCv)
  A swamp drake zombie (Crypt:1)
  14 shadow imps
  A giant mite (D:2)
  20 white imps
  3 worms (D:3)
  24 ufetubi
  5 adder zombies
  2 iguana zombies
  A lava snake skeleton (Crypt:1)
  2 giant eyeballs (Depths:5)
  4 giant geckos
  3 oozes (Lair:6)
  189 orcs
  15 bats
  9 giant cockroaches
  28 goblins
  20 hobgoblins
  34 kobolds
  12 quokkas
  A giant gecko skeleton (Crypt:1)
  9 giant newts
  5 hobgoblin zombies
  7 jackals
  5 kobold zombies (Ossuary)
  2 orc skeletons
  8 orc zombies
  19 rats
  A rat skeleton (D:5)
  A ballistomycete (D:7)
  4 crawling corpses
  2 fungi (Lair:8)
  3 plants
  A starspawn tentacle (Abyss:1)
  8 tentacles
  A tentacle segment (Shoals:5)
4528 creatures vanquished.

Vanquished Creatures (collateral kills)
  An Orb Guardian (Zot:5)
  A shadow dragon (Zot:5)
  A vault warden (Vaults:4)
  A greater naga (Snake:5)
  A fire giant (Depths:5)
  2 draconian zealots
  2 reapers
  A green draconian (Depths:5)
  A purple draconian (Depths:5)
  A yellow draconian (Zot:5)
  2 yaktaur captains (Depths:5)
  An ironheart preserver (Vaults:4)
  A griffon (Vaults:4)
  An ugly thing (Vaults:1)
  A tengu skeleton (Vaults:4)
  A naga mage (Snake:5)
  An orange demon (Vaults:1)
  A black mamba (Snake:5)
  A hellwing (Vaults:1)
  A yaktaur (Vaults:4)
  2 guardian mummies (Tomb:1)
  3 slime creatures
  A chaos spawn (Depths:3)
  A deep elf fighter (Vaults:2)
  A human skeleton (Vaults:5)
  A warg (Vaults:4)
  A jelly (Slime:6)
  A mummy (Tomb:1)
  An orc (Vaults:1)
35 creatures vanquished.

Vanquished Creatures (others)
  A tentacled monstrosity (Zot:5)
  2 storm dragons (Zot:5)
  2 eldritch tentacles
  A pale draconian (Zot:5)
  2 deep elf high priests
  A fire dragon (Depths:3)
  A demigod skeleton (Depths:3)
  A titan skeleton (Pan)
  A golden dragon zombie (Vaults:5)
  A storm dragon skeleton (Vaults:5)
  An anaconda zombie (Coc:7)
  4 ball lightnings (Pan)
  A golden dragon skeleton (Vaults:5)
  2 sphinx zombies (Tomb:1)
  A phantasmal warrior (Dis:7)
  A frost giant skeleton (Vaults:4)
  A drowned soul (Shoals:5)
  A human skeleton (Vaults:5)
  A draconian skeleton (Pan)
  2 fire giant skeletons
  2 yaktaur zombies
  An emperor scorpion zombie (Depths:4)
  A water elemental (Depths:3)
  An air elemental (Depths:1)
  A fire vortex (Pan)
  A moth of wrath zombie (Zot:5)
  A fire dragon zombie (Zot:5)
  2 harpy zombies (Depths:5)
  An ice dragon zombie (Coc:7)
  A raiju (Abyss:3)
  2 deep troll zombies (Depths:5)
  A ynoxinul (Pan)
  A spriggan (Depths:1)
  A small abomination (Abyss:2)
  7 fire elementals
  A naga (Snake:4)
  3 human zombies
  An ice beast (D:5)
  A boggart (Depths:2)
  A naga zombie (Snake:5)
  A vampire mosquito zombie (Vaults:1)
  9 lost souls
  A two-headed ogre zombie (Vaults:4)
  A two-headed ogre skeleton (Vaults:2)
  An orange rat (Elf:2)
  7 ogre zombies
  3 naga skeletons (Snake:5)
  An orc skeleton (Vaults:2)
  An orc (Vaults:4)
  A hobgoblin (D:5)
  A quokka (D:5)
  A giant spore (D:7)
  A goblin (D:5)
  3 jackals (D:5)
  17 butterflies
  246 eldritch tentacle segments
  2 fungi
  7 plants
  3 starspawn tentacles (Abyss:1)
  25 tentacles
  444 tentacle segments
835 creatures vanquished.

Grand Total: 5398 creatures vanquished

Notes
Turn   | Place    | Note
--------------------------------------------------------------
     0 | D:1      | prestonbroadus, the Ogre Gladiator, began the quest for the Orb.
     0 | D:1      | Reached XP level 1. HP: 22/22 MP: 1/1
   271 | D:1      | Reached XP level 2. HP: 23/29 MP: 2/2
   945 | D:2      | Found a glowing golden altar of the Shining One.
   947 | D:2      | Found a white marble altar of Elyvilon.
   964 | D:2      | Reached skill level 5 in Maces & Flails
   964 | D:2      | Reached XP level 3. HP: 36/36 MP: 3/3
  1164 | D:2      | Found an iron altar of Okawaru.
  1167 | D:2      | Found a sparkling altar of Nemelex Xobeh.
  1175 | D:2      | Found a blossoming altar of Fedhas.
  1177 | D:2      | Became a worshipper of Warmaster Okawaru
  1233 | D:2      | Reached XP level 4. HP: 44/44 MP: 2/4
  2074 | D:3      | Noticed a human
  2078 | D:3      | Found a basalt altar of Yredelemnul.
  2555 | D:4      | Reached XP level 5. HP: 46/50 MP: 5/5
  2594 | D:4      | Reached skill level 6 in Maces & Flails
  2926 | D:4      | Noticed Menkaure
  3067 | D:5      | Entered Level 5 of the Dungeon
  3071 | D:5      | Noticed a slave
  3073 | D:5      | Noticed a slave
  3105 | D:4      | Killed a slave
  3296 | D:5      | Noticed Natasha
  3299 | D:5      | Killed Natasha
  3314 | D:5      | Noticed Ijyb
  3328 | D:5      | Killed Ijyb
  3411 | D:5      | Reached XP level 6. HP: 47/59 MP: 6/6
  3457 | D:5      | Noticed an ice beast
  3488 | D:5      | Noticed Pikel
  3488 | D:5      | Noticed a slave
  3488 | D:5      | Noticed a slave
  3511 | D:4      | Killed Pikel
  3511 | D:4      | Acquired Okawaru's first power
  3511 | D:4      | Reached skill level 8 in Maces & Flails
  3511 | D:4      | Reached XP level 7. HP: 50/66 MP: 3/7
  3630 | D:5      | Noticed Natasha
  3640 | D:5      | Killed Natasha
  3762 | D:5      | Noticed a centaur
  3809 | D:5      | Killed a centaur
  3950 | D:5      | Found an iron altar of Okawaru.
  4290 | D:5      | Reached XP level 8. HP: 58/75 MP: 5/8
  4335 | D:5      | Reached skill level 9 in Maces & Flails
  4547 | D:5      | Noticed a centaur
  4548 | D:5      | Noticed Dowan
  4582 | D:5      | Killed a centaur
  4745 | D:5      | Killed an ice beast
  4855 | D:4      | Noticed Crazy Yiuf
  4864 | D:4      | Killed Crazy Yiuf
  5160 | D:6      | Found a staircase to the Ecumenical Temple.
  5186 | D:6      | Found a sand-covered staircase.
  5349 | Ossuary  | Entered an ossuary
  5704 | Ossuary  | Reached skill level 5 in Fighting
  6005 | Ossuary  | Reached skill level 10 in Maces & Flails
  6296 | D:6      | Got an ancient mace {freeze}
  6305 | D:6      | Identified the +7 mace of Fatigue {freeze, rElec} (You took it off an orc on level 6 of the Dungeon)
  6407 | D:6      | Reached XP level 9. HP: 84/89 MP: 9/9
  6543 | D:6      | Found a radiant altar of Vehumet.
  6975 | D:5      | Noticed Natasha
  6984 | D:5      | Killed Natasha
  7073 | D:7      | Noticed Edmund
  7085 | D:7      | Killed Edmund
  7085 | D:7      | Reached skill level 11 in Maces & Flails
  8184 | D:9      | Reached XP level 10. HP: 87/104 MP: 10/10
  8491 | D:8      | Found a glowing silver altar of Zin.
  8493 | D:8      | Found Zin's Purification Station.
  8638 | D:8      | Reached skill level 5 in Dodging
  8816 | D:8      | Reached skill level 12 in Maces & Flails
  8850 | D:8      | Found a staircase to the Lair.
  9239 | D:8      | Reached skill level 10 in Throwing
 10017 | D:9      | Noticed a wandering mushroom
 10021 | D:9      | Killed a wandering mushroom
 10112 | D:9      | Noticed a wandering mushroom
 10312 | D:9      | Killed a wandering mushroom
 10408 | D:9      | Found a blossoming altar of Fedhas.
 10408 | D:9      | Noticed a wandering mushroom
 10408 | D:9      | Noticed a wandering mushroom
 10537 | D:9      | Killed a wandering mushroom
 10697 | D:9      | Killed a wandering mushroom
 11084 | D:9      | Noticed a hill giant
 11117 | D:9      | Killed a hill giant
 11169 | D:9      | Reached XP level 11. HP: 98/117 MP: 11/11
 11180 | D:10     | Entered Level 10 of the Dungeon
 11461 | D:10     | Learned a level 2 spell: Swiftness
 11464 | D:10     | Learned a level 2 spell: Repel Missiles
 11468 | D:10     | Learned a level 3 spell: Flight
 11667 | D:10     | Noticed Fannar
 11906 | D:11     | Found Isaxzap's Book Boutique.
 11987 | D:11     | Received a gift from Okawaru
 11987 | D:11     | Reached skill level 10 in Fighting
 12215 | D:11     | Reached skill level 13 in Maces & Flails
 12256 | D:11     | Acquired Okawaru's second power
 12475 | D:11     | Received a gift from Okawaru
 12491 | D:11     | Received a gift from Okawaru
 12792 | D:11     | Noticed a five-headed hydra
 13005 | D:10     | Killed Fannar
 13381 | D:5      | Noticed Duvessa
 13393 | D:5      | Killed Duvessa
 13405 | D:5      | Killed Dowan
 13679 | D:11     | Killed an unseen horror
 14095 | D:11     | Killed a five-headed hydra
 14120 | D:11     | Noticed a hill giant
 14130 | D:11     | Killed a hill giant
 14130 | D:11     | Reached XP level 12. HP: 130/130 MP: 9/12
 14174 | D:12     | Reached skill level 14 in Maces & Flails
 14180 | D:12     | Received a gift from Okawaru
 14303 | D:12     | Found a frozen archway.
 14326 | D:12     | Received a gift from Okawaru
 14392 | IceCv    | Entered an ice cave
 14753 | IceCv    | Received a gift from Okawaru
 14949 | IceCv    | Received a gift from Okawaru
 15029 | IceCv    | Noticed Const's ghost (powerful DECj)
 15050 | IceCv    | Killed Const's ghost
 15050 | IceCv    | Received a gift from Okawaru
 15557 | IceCv    | Noticed vogonpoet's ghost (powerful TrDK)
 15575 | IceCv    | Killed vogonpoet's ghost
 15779 | IceCv    | Reached skill level 15 in Maces & Flails
 15930 | IceCv    | Identified Ozocubu's Disquisition on the Snowflakes and Battle Magic (You found it in an ice cave)
 16058 | IceCv    | Found an ancient bone altar of Kikubaaqudgha.
 16082 | IceCv    | Identified the Disquisition on the Excruciating Glacier (You found it in an ice cave)
 16085 | IceCv    | Learned a level 1 spell: Freeze
 16093 | IceCv    | Learned a level 3 spell: Ozocubu's Armour
 16235 | D:12     | Reached skill level 1 in Invocations
 16269 | D:12     | Got a smoking hat
 16275 | D:12     | Identified the +1 hat "Ype Tann" {rF+ rC+} (You found it on level 12 of the Dungeon)
 16304 | D:12     | Reached skill level 1 in Evocations
 16331 | D:12     | Found Basok's Magic Scroll Shop.
 16336 | D:12     | Bought a scroll of identify for 28 gold pieces
 16336 | D:12     | Bought a scroll of identify for 28 gold pieces
 16336 | D:12     | Bought a scroll of identify for 28 gold pieces
 16336 | D:12     | Bought a scroll of identify for 28 gold pieces
 16336 | D:12     | Bought 3 scrolls of enchant armour for 315 gold pieces
 16336 | D:12     | Bought a scroll of silence for 105 gold pieces
 16336 | D:12     | Bought a scroll of fog for 28 gold pieces
 16509 | D:12     | Reached XP level 13. HP: 107/141 MP: 13/16
 16586 | D:12     | Noticed Gastronok
 16600 | D:12     | Killed Gastronok
 17103 | D:12     | Reached skill level 1 in Armour
 17104 | D:12     | Found a staircase to the Orcish Mines.
 17111 | D:12     | Found a roughly hewn altar of Beogh.
 17171 | Orc:1    | Entered Level 1 of the Orcish Mines
 17565 | Orc:3    | Found a staircase to the Elven Halls.
 17626 | Orc:4    | Entered Level 4 of the Orcish Mines
 17795 | Lair:1   | Entered Level 1 of the Lair of Beasts
 17955 | Lair:1   | Found a labyrinth entrance.
 17972 | Lab      | Entered a labyrinth
 18224 | Lab      | Noticed a minotaur
 18239 | Lab      | Killed a minotaur
 18256 | Lab      | Identified the Compendium of Enhancements
 18296 | Lair:1   | Received a gift from Okawaru
 18377 | Lair:1   | Reached skill level 1 in Spellcasting
 18377 | Lair:1   | Reached skill level 1 in Charms
 18533 | Lair:1   | Received a gift from Okawaru
 18853 | Lair:1   | Learned a level 3 spell: Regeneration
 18856 | Lair:1   | Learned a level 2 spell: Blink
 19524 | Lair:2   | Reached skill level 1 in Translocations
 20534 | Lair:3   | Gained mutation: You have sharp toenails. [potion of beneficial mutation]
 20544 | Lair:3   | Received a gift from Okawaru
 20544 | Lair:3   | Reached XP level 14. HP: 153/153 MP: 25/25
 20738 | Lair:3   | Reached skill level 1 in Necromancy
 21020 | Lair:3   | Reached skill level 5 in Spellcasting
 21122 | Lair:3   | Received a gift from Okawaru
 21168 | Lair:3   | Learned a level 3 spell: Portal Projectile
 21170 | Lair:3   | Learned a level 1 spell: Apportation
 21173 | Lair:3   | Learned a level 2 spell: Shroud of Golubria
 21599 | Lair:4   | Noticed Snorg
 21599 | Lair:4   | Noticed Nergalle
 21609 | Lair:3   | Killed Nergalle
 21609 | Lair:3   | Received a gift from Okawaru
 21617 | Lair:3   | Got a heavily jewelled robe {god gift}
 21630 | Lair:3   | Identified the -5 robe of Mezcal {Dex+2 Int-2} (Okawaru gifted it to you on level 3 of the Lair of Beasts)
 21801 | Lair:4   | Killed Snorg
 21805 | Lair:4   | Found a staircase to the Snake Pit.
 22099 | Lair:4   | Found a staircase to the Shoals.
 22835 | Lair:5   | Noticed Erica
 22841 | Lair:5   | Killed Erica
 23480 | Lair:6   | Found a hole to the Spider Nest.
 23507 | Lair:6   | Received a gift from Okawaru
 23899 | Lair:6   | Found a viscous altar of Jiyva.
 23901 | Lair:6   | Found a staircase to the Slime Pits.
 24702 | Lair:7   | Received a gift from Okawaru
 24896 | Lair:7   | Reached XP level 15. HP: 161/161 MP: 27/29
 24912 | Lair:7   | Received a gift from Okawaru
 24943 | Lair:7   | Reached skill level 5 in Translocations
 25232 | Lair:7   | Reached skill level 5 in Armour
 25429 | Lair:8   | Entered Level 8 of the Lair of Beasts
 25691 | Lair:8   | Received a gift from Okawaru
 25758 | Lair:8   | Received a gift from Okawaru
 25871 | Lair:8   | Received a gift from Okawaru
 26079 | Lair:8   | Received a gift from Okawaru
 26116 | Lair:8   | Identified a +0 rod of clouds (14/14) (You found it on level 8 of the Lair of Beasts)
 26187 | Lair:8   | Learned a level 4 spell: Animate Dead
 26218 | Lair:8   | Received a gift from Okawaru
 26367 | Lair:8   | Received a gift from Okawaru
 27098 | Lair:5   | Received a gift from Okawaru
 27590 | Orc:4    | Found Seblide's Food Boutique.
 27669 | Orc:4    | Found a white marble altar of Elyvilon.
 27981 | Orc:4    | Found Strugrapa's Distillery.
 27982 | Orc:4    | Found Sojolez's Weapon Boutique.
 27982 | Orc:4    | Found Ysuskyox's Assorted Antiques.
 27982 | Orc:4    | Found Ghaxzuij's Antique Weapon Boutique.
 28202 | Orc:4    | Received a gift from Okawaru
 28227 | Orc:4    | Bought a potion of might for 37 gold pieces
 28227 | Orc:4    | Bought a potion of haste for 105 gold pieces
 28227 | Orc:4    | Bought a potion of agility for 37 gold pieces
 28227 | Orc:4    | Bought a potion of heal wounds for 45 gold pieces
 28233 | Orc:4    | Bought the +6 shillelagh "Devastator" for 988 gold pieces
 28241 | Orc:4    | Reached XP level 16. HP: 171/171 MP: 31/31
 28586 | Orc:3    | Paralysed by an orc sorcerer for 6 turns
 29775 | D:13     | Found Tremeafe's Book Emporium.
 29895 | D:13     | Found Micier's Armour Emporium.
 29896 | D:13     | Noticed Psyche
 29898 | D:13     | Killed Psyche
 30029 | D:13     | Received a gift from Okawaru
 30154 | D:13     | Found Fuacrar's General Store.
 30265 | D:13     | Received a gift from Okawaru
 30459 | D:13     | Found Wofam's Antique Weapon Boutique.
 30576 | D:14     | Received a gift from Okawaru
 30595 | D:14     | Got a crude giant club {god gift}
 30596 | D:14     | Identified the +7 giant club "Bli Lee" {speed, rElec rN+ MR+} (Okawaru gifted it to you on level 14 of the Dungeon)
 30657 | D:14     | Found a gate to the Vaults.
 30783 | D:14     | Noticed Nessos
 30791 | D:14     | Killed Nessos
 30804 | D:14     | Found an opulent altar of Gozag.
 31170 | D:14     | Received a gift from Okawaru
 31298 | D:14     | Reached skill level 16 in Maces & Flails
 31593 | D:14     | Learned a level 2 spell: Corpse Rot
 31790 | D:15     | Entered Level 15 of the Dungeon
 31902 | D:15     | Reached skill level 15 in Throwing
 31948 | D:15     | Noticed Rupert
 31957 | D:15     | Killed Rupert
 32139 | D:15     | Received a gift from Okawaru
 32162 | D:15     | Reached skill level 15 in Fighting
 32190 | D:15     | Found a staircase to the Depths.
 32501 | D:15     | Reached XP level 17. HP: 177/184 MP: 32/32
 33374 | Shoals:1 | Entered Level 1 of the Shoals
 33398 | Lair:4   | Reached skill level 17 in Maces & Flails
 33728 | Shoals:1 | Noticed Urug
 33729 | Shoals:1 | Noticed Frances
 33748 | Shoals:1 | Killed Frances
 33754 | Shoals:1 | Killed Urug
 33782 | Shoals:1 | Found Otuettot's Weapon Shop.
 33955 | Shoals:1 | Reached skill level 5 in Charms
 34022 | Shoals:1 | Reached skill level 1 in Air Magic
 34562 | Shoals:1 | Received a gift from Okawaru
 34568 | Shoals:1 | Got a colourful robe {god gift}
 34579 | Shoals:1 | Identified the +1 robe of the Engineer {rC++} (Okawaru gifted it to you on level 1 of the Shoals)
 34804 | Shoals:2 | Noticed Jorgrun
 35236 | Shoals:2 | Reached skill level 18 in Maces & Flails
 35275 | Shoals:2 | Found a white marble altar of Elyvilon.
 35303 | Shoals:2 | Killed Jorgrun
 35860 | Shoals:3 | Received a gift from Okawaru
 36009 | Shoals:3 | Noticed Kirke
 36024 | Shoals:3 | Killed Kirke
 36024 | Shoals:3 | Received a gift from Okawaru
 36049 | Shoals:3 | Got a pitted graven amulet
 36050 | Shoals:3 | Identified the amulet of Buybro {Gourm Dex+1} (You found it on level 3 of the Shoals)
 36210 | Shoals:3 | Received a gift from Okawaru
 36499 | Shoals:5 | Entered Level 5 of the Shoals
 36499 | Shoals:5 | Noticed Mara
 36604 | Shoals:5 | Noticed Ilsuiw
 36627 | Shoals:5 | Noticed prestonbroadus' illusion
 36741 | Shoals:4 | Reached skill level 19 in Maces & Flails
 36767 | Shoals:4 | Reached XP level 18. HP: 163/193 MP: 32/32
 36915 | Shoals:4 | Received a gift from Okawaru
 36932 | Shoals:4 | Noticed Aizul
 36954 | Shoals:4 | Killed Aizul
 37618 | Shoals:4 | Received a gift from Okawaru
 37655 | Shoals:4 | Gained mutation: Your skin changes colour to match your surroundings (Stealth). [potion of beneficial mutation]
 37672 | Shoals:4 | Learned a level 1 spell: Summon Butterflies
 37757 | Shoals:5 | Noticed prestonbroadus' illusion
 37853 | Shoals:4 | Noticed prestonbroadus' illusion
 38072 | Snake:1  | Entered Level 1 of the Snake Pit
 38109 | Snake:1  | Found a blossoming altar of Fedhas.
 39708 | Snake:3  | Reached skill level 20 in Maces & Flails
 39819 | Snake:3  | Found Jeajes' Gadget Shop.
 39823 | Snake:3  | Bought a lamp of fire for 440 gold pieces
 40243 | Snake:3  | Received a gift from Okawaru
 40247 | Snake:3  | Got a twisted giant club {god gift}
 40248 | Snake:3  | Identified the +11 giant club "Woylor" {crush, Str+2 Dex+3 Stlth--} (Okawaru gifted it to you on level 3 of the Snake Pit)
 40933 | Snake:4  | Received a gift from Okawaru
 41457 | Snake:4  | Received a gift from Okawaru
 41457 | Snake:4  | Reached XP level 19. HP: 159/201 MP: 33/33
 41458 | Snake:4  | Reached skill level 10 in Armour
 41478 | Snake:4  | Received a gift from Okawaru
 41648 | Snake:5  | Entered Level 5 of the Snake Pit
 41815 | Snake:5  | Reached skill level 10 in Dodging
 42053 | Snake:5  | Received a gift from Okawaru
 42828 | Snake:5  | Got a serpentine rune of Zot
 43302 | Snake:5  | Received a gift from Okawaru
 43324 | Snake:5  | Found Getiahea's Antique Armour Boutique.
 43340 | Snake:5  | Bought a polished fire dragon armour for 1495 gold pieces
 43342 | Snake:5  | Identified the +8 fire dragon armour of the Six Ghosts {rPois rF++ rC- MR+} (You bought it in a shop on level 5 of the Snake Pit)
 43496 | Snake:5  | Found Jeuheapp's Distillery.
 43536 | Snake:5  | Upgraded the game from 0.16-a0-1167-g3157814 to 0.16-a0-1183-g5b05a17
 44032 | Elf:1    | Entered Level 1 of the Elven Halls
 44085 | Elf:1    | Received a gift from Okawaru
 44121 | Elf:1    | Got a faintly glowing golden ring
 44122 | Elf:1    | Identified the ring of Gagrituc {MR+ Str+2 Dex+2} (You found it on level 1 of the Elven Halls)
 44230 | Elf:1    | Identified the Papyrus of Evil Arts
 44241 | Elf:1    | Learned a level 1 spell: Animate Skeleton
 44440 | Elf:1    | Received a gift from Okawaru
 44730 | Elf:1    | Found Gaathaum's Armour Shop.
 44848 | Elf:1    | Received a gift from Okawaru
 44854 | Elf:1    | Got an encrusted giant spiked club {god gift}
 44855 | Elf:1    | Identified the +4 giant spiked club of Profit {pain, rC+ rN+ Str+3} (Okawaru gifted it to you on level 1 of the Elven Halls)
 44982 | Elf:1    | Reached skill level 1 in Summonings
 45411 | Elf:2    | Reached XP level 20. HP: 211/211 MP: 34/34
 45913 | Elf:2    | Received a gift from Okawaru
 45918 | Elf:2    | Got a crystal great mace {god gift}
 45919 | Elf:2    | Identified the +10 great mace of Ointment {crush, rC+ Int+2} (Okawaru gifted it to you on level 2 of the Elven Halls)
 46394 | Elf:3    | Entered Level 3 of the Elven Halls
 46497 | Elf:3    | Noticed Roxanne
 46505 | Elf:3    | Killed Roxanne
 46510 | Elf:3    | Identified Roxanne's Reference Book on Earthen Shape Shifting (You took it off Roxanne on level 3 of the Elven Halls)
 46514 | Elf:3    | Learned a level 2 spell: Stoneskin
 46538 | Elf:3    | Learned a level 3 spell: Inner Flame
 46556 | Elf:3    | Noticed Azrael
 46563 | Elf:3    | Killed Azrael
 47536 | Elf:3    | Received a gift from Okawaru
 47536 | Elf:3    | Reached skill level 5 in Necromancy
 47668 | Elf:3    | Got a smoking giant spiked club {god gift}
 47671 | Elf:2    | Identified the +4 giant spiked club "Mumnozio" {venom, -Cast rF+} (Okawaru gifted it to you on level 3 of the Elven Halls)
 48210 | Elf:3    | Got a wavering graven amulet
 48215 | Elf:3    | Received a gift from Okawaru
 48217 | Elf:3    | Identified the cursed amulet "Clocipp" {Clar Dex-5} (You found it on level 3 of the Elven Halls)
 48220 | Elf:3    | Got a twisted great mace {god gift}
 48221 | Elf:3    | Identified the +10 great mace of Vafomaf {venom, rElec rPois} (Okawaru gifted it to you on level 3 of the Elven Halls)
 48231 | Elf:3    | Identified a scroll of acquirement
 48904 | Depths:1 | Entered Level 1 of the Depths
 49041 | Depths:1 | Reached XP level 21. HP: 223/223 MP: 34/35
 49043 | Depths:1 | Noticed Sojobo
 49065 | Depths:1 | Killed Sojobo
 49065 | Depths:1 | Received a gift from Okawaru
 49220 | Depths:1 | Found a gateway to Hell.
 49768 | Snake:5  | Bought a potion of experience for 750 gold pieces
 49772 | Snake:5  | Reached skill level 10 in Spellcasting
 49772 | Snake:5  | Reached skill level 5 in Evocations
 49772 | Snake:5  | Reached XP level 22. HP: 232/232 MP: 36/37
 50351 | Depths:1 | Learned a level 4 spell: Control Teleport
 50357 | Depths:1 | Learned a level 5 spell: Phase Shift
 50597 | Depths:1 | Received a gift from Okawaru
 50862 | Depths:1 | Noticed the Enchantress
 50928 | Depths:1 | Received a gift from Okawaru
 50984 | Depths:1 | Received a gift from Okawaru
 50985 | Depths:1 | Found a portal to a secret trove of treasure.
 51117 | Depths:1 | Noticed a golden dragon
 51381 | Depths:1 | Killed the Enchantress
 51433 | Depths:1 | Killed a golden dragon
 51506 | Depths:1 | Got a faerie dragon armour
 51507 | Depths:1 | Identified the +1 faerie dragon armour {Dex-4 Int-3} (You took it off the Enchantress on level 1 of the Depths)
 51603 | Depths:1 | Identified the Almanac of Feathers (You found it on level 1 of the Depths)
 51861 | Depths:2 | Received a gift from Okawaru
 52271 | Depths:2 | Found Kleppid's Jewellery Shop.
 52826 | Depths:3 | Noticed Mennas
 52939 | Depths:3 | Noticed Asterion
 52968 | Depths:3 | Killed Asterion
 53204 | Depths:3 | Killed Mennas
 53296 | Depths:3 | Got a pitted emerald amulet
 53297 | Depths:3 | Identified the amulet "Waorchem" {Slay+4 SInv Regen} (You found it on level 3 of the Depths)
 53343 | Depths:3 | Reached XP level 23. HP: 227/249 MP: 38/38
 53471 | Depths:3 | Noticed Frederick
 53483 | Depths:3 | Killed Frederick
 53483 | Depths:3 | Reached skill level 10 in Necromancy
 53629 | Depths:3 | Gained mutation: Your natural rate of healing is unusually fast. [potion of beneficial mutation]
 53680 | Depths:3 | Your ally Frederick died
 53783 | Depths:3 | Found a gateway to a ziggurat.
 53829 | Hell     | Entered the Vestibule of Hell
 53829 | Hell     | Noticed Geryon
 53848 | Hell     | Killed Geryon
 53988 | Depths:4 | Received a gift from Okawaru
 54105 | Depths:4 | Found a one-way gate to the infinite horrors of the Abyss.
 54526 | Depths:4 | Received a gift from Okawaru
 55250 | Depths:5 | Entered Level 5 of the Depths
 55278 | Depths:5 | Noticed Margery
 55287 | Depths:5 | Killed Margery
 55380 | Depths:5 | Found Shixaapt's Jewellery Boutique.
 55418 | Depths:5 | Received a gift from Okawaru
 55486 | Depths:5 | Paralysed by a giant eyeball for 2 turns
 55550 | Depths:5 | Found Amaulu's Gadget Shop.
 55768 | Depths:5 | Found Greph's Magic Scroll Shop.
 55773 | Depths:5 | Reached skill level 10 in Translocations
 55780 | Depths:5 | Bought a scroll of teleportation for 51 gold pieces
 55780 | Depths:5 | Bought a scroll of teleportation for 51 gold pieces
 55813 | Depths:5 | Paralysed by a giant eyeball for 2 turns
 55860 | Depths:5 | Reached skill level 21 in Fighting
 55990 | Depths:5 | Got a steaming brass ring
 55991 | Depths:5 | Identified the ring "Ucoh" {Str+4 Dex+1 SInv} (You found it on level 5 of the Depths)
 56016 | Depths:5 | Received a gift from Okawaru
 56023 | Depths:5 | Reached XP level 24. HP: 176/270 MP: 37/39
 56115 | Depths:5 | Found a gate to the Realm of Zot.
 56160 | Depths:5 | Got a wavering granite ring
 56161 | Depths:5 | Identified the cursed ring of Yczing {rF+ AC-3 Slay+5} (You found it on level 5 of the Depths)
 56347 | Depths:5 | Got a wavering turquoise ring
 56348 | Depths:5 | Identified the ring of Huivow {rF+ Str+3 Int-3} (You found it on level 5 of the Depths)
 56709 | Vaults:1 | Entered Level 1 of the Vaults
 57295 | Vaults:1 | Reached skill level 22 in Fighting
 57997 | Vaults:2 | Found a staircase to the Crypt.
 58291 | Vaults:2 | Received a gift from Okawaru
 58406 | Vaults:2 | Received a gift from Okawaru
 58561 | Vaults:2 | Noticed Agnes
 58569 | Vaults:2 | Killed Agnes
 58654 | Vaults:2 | Received a gift from Okawaru
 58722 | Vaults:2 | Found a glowing golden altar of the Shining One.
 58885 | Vaults:2 | Reached skill level 23 in Fighting
 59510 | Vaults:3 | Reached XP level 25. HP: 261/287 MP: 39/39
 59657 | Vaults:3 | Found Twanais' Weapon Shoppe.
 59969 | Vaults:3 | Noticed Jory
 59981 | Vaults:3 | Killed Jory
 60382 | Vaults:3 | Noticed Nikola
 60391 | Vaults:3 | Killed Nikola
 60851 | Vaults:4 | Noticed Donald
 60856 | Vaults:4 | Killed Donald
 61127 | Vaults:4 | Upgraded the game from 0.16-a0-1183-g5b05a17 to 0.16-a0-1196-ged0958e
 61223 | Vaults:4 | Received a gift from Okawaru
 61431 | Vaults:4 | Reached skill level 24 in Fighting
 61562 | Vaults:4 | Found Womoic's Antique Armour Emporium.
 61674 | Vaults:4 | Noticed Xtahua
 61689 | Vaults:4 | Killed Xtahua
 61979 | Vaults:4 | Received a gift from Okawaru
 61980 | Vaults:4 | Got a crystal triple crossbow {god gift}
 62006 | Vaults:4 | Identified the +4 triple crossbow "Adoat" {penet, +Inv rF++ rC+ Stlth+} (Okawaru gifted it to you on level 4 of the Vaults)
 62348 | Vaults:5 | Entered Level 5 of the Vaults
 62373 | Vaults:5 | Noticed an ancient lich
 62374 | Vaults:5 | Reached XP level 26. HP: 302/302 MP: 24/40
 62382 | Vaults:5 | Killed an ancient lich
 62382 | Vaults:5 | Received a gift from Okawaru
 62394 | Vaults:5 | Received a gift from Okawaru
 62515 | Vaults:5 | Got a pitted tin ring
 62560 | Vaults:5 | Identified the ring of Weaxus {SustAb Str+2 Dex+1} (You took it off a vault warden on level 5 of the Vaults)
 62589 | Vaults:5 | Received a gift from Okawaru
 62680 | Vaults:5 | Received a gift from Okawaru
 62705 | Vaults:5 | Got an ichor-stained cloak {god gift}
 62719 | Vaults:5 | Identified the +2 cloak of Inviolability {Slay+6} (Okawaru gifted it to you on level 5 of the Vaults)
 62784 | Vaults:5 | Identified the Reference Book on Conjuration
 62818 | Vaults:5 | Identified the Disquisition on Shape Shifting
 62981 | Vaults:5 | Identified Sif Muna's Reference Book on Beguiling
 63122 | Vaults:5 | Got a bloodstained blowgun
 63123 | Vaults:5 | Identified the +5 blowgun "Raisin" {speed, rPois rN+} (You found it on level 5 of the Vaults)
 63257 | Vaults:5 | Reached skill level 25 in Fighting
 63444 | Vaults:5 | Reached skill level 10 in Evocations
 63469 | Vaults:5 | Cast into the Abyss (hell knight)
 63500 | Abyss:1  | Got a heavily runed lapis lazuli ring
 63501 | Abyss:1  | Identified the cursed ring "Blaileh" {rF+ Str-3 Dex+1} (You found it on level 1 of the Abyss)
 64136 | Abyss:3  | Found a corrupted altar of Lugonu.
 64213 | Abyss:3  | Got an abyssal rune of Zot
 64285 | Abyss:3  | Found a corrupted altar of Lugonu.
 64294 | Vaults:5 | Escaped the Abyss
 64357 | Vaults:5 | Received a gift from Okawaru
 64393 | Vaults:5 | Got a silver rune of Zot
 64404 | Vaults:5 | Identified Tacyhiteno's Grimoire of Beguiling (You found it on level 5 of the Vaults)
 64918 | Vaults:2 | Reached XP level 27. HP: 307/314 MP: 40/40
 65217 | Depths:2 | Bought the ring of Duqoiff {rF+ rC++ Int-1 SInv} for 976 gold pieces
 65389 | Zot:1    | Entered Level 1 of the Realm of Zot
 65803 | Zot:1    | Received a gift from Okawaru
 65812 | Zot:1    | Got a smoking cloak {god gift}
 65823 | Zot:1    | Identified the +1 cloak of Miracles {+Rage} (Okawaru gifted it to you on level 1 of the Realm of Zot)
 66554 | Zot:2    | Reached skill level 15 in Dodging
 68122 | Zot:4    | Received a gift from Okawaru
 68547 | Zot:5    | Entered Level 5 of the Realm of Zot
 68999 | Zot:5    | Noticed an ancient lich
 69006 | Zot:5    | Killed an ancient lich
 69925 | Shoals:4 | Killed Mara
 69997 | Shoals:5 | Reached skill level 10 in Charms
 70012 | Shoals:5 | Received a gift from Okawaru
 70066 | Shoals:5 | Got a barnacled rune of Zot
 70163 | Shoals:5 | Got a bloodstained ice dragon armour
 70164 | Shoals:5 | Identified the +5 ice dragon armour "Renuen" {rF- rC++ Str+2 Int+2} (You found it on level 5 of the Shoals)
 70517 | Shoals:5 | Killed Ilsuiw
 70881 | Slime:1  | Entered Level 1 of the Pits of Slime
 71191 | Slime:6  | Entered Level 6 of the Pits of Slime
 71249 | Slime:6  | Found a viscous altar of Jiyva.
 71280 | Slime:6  | Noticed the royal jelly
 71287 | Slime:6  | Killed the royal jelly
 71590 | Slime:6  | Got a slimy rune of Zot
 72075 | Lair:1   | Learned a level 5 spell: Dispel Undead
 72279 | D:13     | Bought a book of Wizardry for 450 gold pieces
 72287 | D:13     | Learned a level 6 spell: Haste
 72444 | Vaults:2 | Received a gift from Okawaru
 72457 | Crypt:1  | Entered Level 1 of the Crypt
 72796 | Crypt:1  | Received a gift from Okawaru
 73287 | Crypt:3  | Entered Level 3 of the Crypt
 73363 | Crypt:3  | Got a scintillating wooden ring
 74028 | Crypt:3  | Noticed an ancient lich
 74041 | Crypt:3  | Killed an ancient lich
 74145 | Crypt:3  | Found an ancient bone altar of Kikubaaqudgha.
 74247 | Crypt:3  | Identified Cigotuvi's Volume of Black Secrets (You found it on level 3 of the Crypt)
 74251 | Crypt:3  | Learned a level 2 spell: Sublimation of Blood
 74261 | Crypt:3  | Noticed an ancient lich
 74277 | Crypt:3  | Killed an ancient lich
 74297 | Crypt:3  | Identified the Compendium of Frigorific Confrontation (You found it on level 3 of the Crypt)
 74535 | Crypt:3  | Found a staircase to the Tomb.
 74719 | Crypt:3  | Identified the cursed ring "Jeufef" {Ice Str-1 Dex+4} (You took it off a skeletal warrior on level 3 of the Crypt)
 74779 | Tomb:1   | Entered Level 1 of the Tomb of the Ancients
 75247 | Tomb:1   | Noticed an ancient lich
 75251 | Tomb:1   | Killed an ancient lich
 75866 | Tomb:2   | Received a gift from Okawaru
 77631 | Tomb:3   | Entered Level 3 of the Tomb of the Ancients
 78345 | Tomb:2   | Received a gift from Okawaru
 78791 | Tomb:3   | Reached skill level 15 in Necromancy
 78843 | Tomb:3   | Received a gift from Okawaru
 79176 | Tomb:3   | Got a golden rune of Zot
 79513 | Tomb:3   | Got a twitching jade amulet
 79541 | Tomb:3   | Identified the amulet "Letev" {Inacc Str+3 Dex-3} (You found it on level 3 of the Tomb of the Ancients)
 80685 | Depths:3 | Found a one-way gate leading to the halls of Pandemonium.
 80746 | Pan      | Entered Pandemonium
 80746 | Pan      | Found an exit through the horrors of the Abyss.
 81012 | Pan      | Noticed Onashreg the pandemonium lord
 81035 | Pan      | Killed Onashreg the pandemonium lord
 81040 | Pan      | Reached skill level 15 in Spellcasting
 81080 | Pan      | Took an exit into the Abyss.
 81080 | Abyss:1  | Escaped into the Abyss
 81084 | Depths:3 | Escaped the Abyss
 81107 | Pan      | Entered Pandemonium
 81139 | Pan      | Noticed Josuom the pandemonium lord
 81160 | Pan      | Killed Josuom the pandemonium lord
 81160 | Pan      | Received a gift from Okawaru
 81248 | Pan      | Found an exit through the horrors of the Abyss.
 81458 | Pan      | Found an exit through the horrors of the Abyss.
 81820 | Pan      | Found an exit through the horrors of the Abyss.
 81974 | Pan      | Noticed Jioseny the pandemonium lord
 81988 | Pan      | Killed Jioseny the pandemonium lord
 82040 | Pan      | Got a demonic rune of Zot
 82044 | Pan      | Noticed Tiemore the pandemonium lord
 82388 | Pan      | Noticed Shoushrug the pandemonium lord
 82405 | Pan      | Killed Shoushrug the pandemonium lord
 82405 | Pan      | Reached skill level 5 in Invocations
 82491 | Pan      | Found an exit through the horrors of the Abyss.
 82581 | Pan      | Noticed Psoeh the pandemonium lord
 82585 | Pan      | Killed Psoeh the pandemonium lord
 82650 | Pan      | Received a gift from Okawaru
 82818 | Pan      | Entered the realm of Mnoleg.
 82836 | Pan      | Received a gift from Okawaru
 82895 | Pan      | Found an exit through the horrors of the Abyss.
 83416 | Pan      | Noticed Mnoleg
 83447 | Pan      | Killed Mnoleg
 83508 | Pan      | Got a glowing rune of Zot
 83552 | Pan      | Entered the realm of Lom Lobon.
 83614 | Pan      | Found an exit through the horrors of the Abyss.
 83814 | Pan      | Reached skill level 10 in Invocations
 83929 | Pan      | Noticed Lom Lobon
 83951 | Pan      | Killed Lom Lobon
 83987 | Pan      | Got a magical rune of Zot
 84446 | Pan      | Noticed Yturu the pandemonium lord
 84660 | Pan      | Received a gift from Okawaru
 84679 | Pan      | Got an ancient great mace {god gift}
 84680 | Pan      | Identified the +7 great mace "Smylad" {distort, Dex+1} (Okawaru gifted it to you in Pandemonium)
 84798 | Pan      | Gained mutation: Armour fits poorly on your strangely shaped body. [a cacodemon]
 84804 | Pan      | FUCK
 84809 | Pan      | Found a gateway to a ziggurat.
 84813 | Pan      | Entered the realm of Gloorx Vloq.
 84814 | Pan      | Lost mutation: You have sharp toenails. [potion of cure mutation]
 84814 | Pan      | Lost mutation: Armour fits poorly on your strangely shaped body. [potion of cure mutation]
 84814 | Pan      | Lost mutation: Your skin changes colour to match your surroundings (Stealth). [potion of cure mutation]
 84814 | Pan      | Lost mutation: Your natural rate of healing is unusually fast. [potion of cure mutation]
 84841 | Pan      | Found an exit through the horrors of the Abyss.
 84979 | Pan      | Reached skill level 15 in Armour
 85043 | Pan      | Noticed Gloorx Vloq
 85075 | Pan      | Killed Gloorx Vloq
 85086 | Pan      | Got a dark rune of Zot
 85240 | Pan      | Received a gift from Okawaru
 85282 | Pan      | Gained mutation: Your vision is a little blurry. [a cacodemon]
 85607 | Pan      | Found an exit through the horrors of the Abyss.
 85642 | Pan      | Noticed Peinwoiq the pandemonium lord
 85663 | Pan      | Killed Peinwoiq the pandemonium lord
 85686 | Pan      | Received a gift from Okawaru
 85708 | Pan      | Entered the realm of Cerebov.
 85795 | Pan      | Identified Lehudib's Tome of Confrontation
 85862 | Pan      | Learned a level 8 spell: Borgnjor's Revivification
 85895 | Pan      | Got a steaming marble ring
 85896 | Pan      | Identified the ring "Barazez" {Wiz rC+} (You found it in Pandemonium)
 85984 | Pan      | Noticed Cerebov
 86018 | Pan      | Killed Cerebov
 86056 | Pan      | Got a fiery rune of Zot
 86274 | Pan      | Found an exit through the horrors of the Abyss.
 86284 | Pan      | Took an exit into the Abyss.
 86284 | Abyss:1  | Escaped into the Abyss
 86476 | Abyss:1  | Found a corrupted altar of Lugonu.
 86717 | Depths:3 | Escaped the Abyss
 86718 | Depths:3 | Upgraded the game from 0.16-a0-1196-ged0958e to 0.16-a0-1212-geefc3ab
 86951 | Hell     | Found a gateway to the decaying netherworld of Tartarus.
 86995 | Tar:1    | Entered Level 1 of Tartarus
 87431 | Tar:3    | Received a gift from Okawaru
 88255 | Tar:7    | Entered Level 7 of Tartarus
 88288 | Tar:7    | Identified the Collected Works on Companions and Boosts (You found it on level 7 of Tartarus)
 88494 | Tar:7    | Noticed Ereshkigal
 88536 | Tar:7    | Killed Ereshkigal
 88577 | Tar:7    | Got a bone rune of Zot
 88589 | Tar:7    | Identified the Guide on the Compass (You found it on level 7 of Tartarus)
 88810 | Hell     | Found a gateway to the freezing wastes of Cocytus.
 88905 | Coc:1    | Entered Level 1 of Cocytus
 89080 | Coc:3    | Received a gift from Okawaru
 89084 | Coc:3    | Got a jewelled hat {god gift}
 89085 | Coc:3    | Identified the -2 hat of Circular Logic {Str+5} (Okawaru gifted it to you on level 3 of Cocytus)
 89358 | Coc:7    | Entered Level 7 of Cocytus
 89537 | Coc:7    | Noticed the Serpent of Hell
 89570 | Coc:7    | Gained mutation: You tend to lose your temper in combat. [mutagenic glow]
 89593 | Coc:7    | Killed the Serpent of Hell
 90160 | Coc:7    | Noticed Antaeus
 90165 | Coc:7    | Got an icy rune of Zot
 90171 | Coc:7    | HP: 9/223 [reaper/runed scythe (33)]
 90192 | Hell     | WORST COCYTUS EVER
 90772 | Lair:5   | Learned a level 3 spell: Abjuration
 90774 | Lair:5   | Lost mutation: Your vision is a little blurry. [potion of cure mutation]
 90774 | Lair:5   | Lost mutation: You tend to lose your temper in combat. [potion of cure mutation]
 91249 | Hell     | Found a gateway to the Iron City of Dis.
 91259 | Dis:1    | Entered Level 1 of the Iron City of Dis
 91502 | Dis:7    | Entered Level 7 of the Iron City of Dis
 91939 | Dis:7    | Received a gift from Okawaru
 91940 | Dis:7    | Got a faintly glowing scimitar {god gift}
 92329 | Dis:7    | Noticed Dispater
 92352 | Dis:7    | Killed Dispater
 92368 | Dis:7    | Got an iron rune of Zot
 92406 | Hell     | Found a gateway to the ashen valley of Gehenna.
 92443 | Geh:1    | Entered Level 1 of Gehenna
 92491 | Hell     | Received a gift from Okawaru
 92679 | Geh:7    | Entered Level 7 of Gehenna
 93035 | Geh:7    | Reached skill level 15 in Translocations
 93056 | Geh:7    | Noticed Asmodeus
 93060 | Geh:7    | Got an obsidian rune of Zot
 93337 | Zot:5    | Noticed an ancient lich
 93380 | Zot:5    | Killed an ancient lich
 93393 | Zot:5    | Noticed an orb of fire
 93396 | Zot:5    | Noticed an orb of fire
 93406 | Zot:5    | Killed an orb of fire
 93411 | Zot:5    | Killed an orb of fire
 93557 | Zot:5    | Noticed an orb of fire
 93571 | Zot:5    | Killed an orb of fire
 93637 | Zot:5    | Got the Orb of Zot
 93657 | Zot:5    | Noticed an ancient lich
 93670 | Zot:5    | Noticed Roifucirph the pandemonium lord
 93687 | Zot:5    | Noticed an ancient lich
 94142 | D:1      | https://www.youtube.com/watch?v=hT46dmgbGvY
 94143 | D:$      | Escaped with the Orb!

Action                   |  1- 3 |  4- 6 |  7- 9 | 10-12 | 13-15 | 16-18 | 19-21 | 22-24 | 25-27 || total
-------------------------+-------+-------+-------+-------+-------+-------+-------+-------+-------++-------
Melee: Flail             |    70 |   159 |       |       |       |       |       |       |       ||   229
       Whip              |       |       |   152 |       |       |       |       |       |       ||   152
       Dire flail        |       |       |   185 |   164 |  1562 |       |       |       |       ||  1911
       Mace              |       |       |   126 |   435 |       |       |       |       |       ||   561
       Shillelagh        |       |       |       |       |       |   251 |       |       |       ||   251
       Giant club        |       |       |       |       |       |  1066 |  1062 |  1568 |  5687 ||  9383
Throw: Stone             |    22 |    63 |    42 |    79 |       |       |       |       |       ||   206
       Tomahawk          |    10 |     4 |    42 |    96 |    36 |    24 |       |       |       ||   212
       Throwing net      |       |     3 |     1 |     2 |       |       |       |       |     3 ||     9
       Javelin           |       |       |       |    26 |   151 |   155 |    60 |    69 |    92 ||   553
       Large rock        |       |       |       |    24 |    70 |   167 |   122 |    93 |   759 ||  1235
 Cast: Regeneration      |       |       |       |       |     5 |    11 |    32 |    25 |   238 ||   311
       Portal Projectile |       |       |       |       |     4 |    15 |     3 |    11 |    67 ||   100
       Apportation       |       |       |       |       |     2 |       |     8 |     3 |    39 ||    52
       Shroud of Golubri |       |       |       |       |     1 |     2 |     2 |     1 |     3 ||     9
       Repel Missiles    |       |       |       |       |       |     7 |    14 |    14 |    36 ||    71
       Flight            |       |       |       |       |       |    21 |       |     4 |    39 ||    64
       Swiftness         |       |       |       |       |       |       |     2 |       |       ||     2
       Animate Dead      |       |       |       |       |       |       |     1 |     7 |    10 ||    18
       Blink             |       |       |       |       |       |       |     1 |     1 |    10 ||    12
       Phase Shift       |       |       |       |       |       |       |       |     2 |    11 ||    13
       Animate Skeleton  |       |       |       |       |       |       |       |     8 |    11 ||    19
       Control Teleport  |       |       |       |       |       |       |       |     1 |    16 ||    17
       Summon Butterflie |       |       |       |       |       |       |       |       |    14 ||    14
       Stoneskin         |       |       |       |       |       |       |       |       |     1 ||     1
       Dispel Undead     |       |       |       |       |       |       |       |       |    53 ||    53
       Haste             |       |       |       |       |       |       |       |       |    32 ||    32
       Borgnjor's Revivi |       |       |       |       |       |       |       |       |     4 ||     4
       Sublimation of Bl |       |       |       |       |       |       |       |       |     4 ||     4
Invok: Heroism           |       |       |     9 |    18 |    13 |     9 |     8 |     8 |    26 ||    91
       Finesse           |       |       |       |       |       |       |       |       |     1 ||     1
Evoke: Wand              |       |     2 |     1 |     7 |     5 |     6 |     5 |     7 |    41 ||    74
       Lamp of fire      |       |       |       |       |       |       |     1 |     1 |     5 ||     7
       Fan of gales      |       |       |       |       |       |       |       |     1 |       ||     1
       Phial of floods   |       |       |       |       |       |       |       |     1 |       ||     1
  Use: Scroll            |     2 |     6 |     6 |    16 |    27 |    17 |    12 |    16 |    78 ||   180
       Potion            |       |     3 |     1 |     2 |     2 |    11 |     1 |     3 |    45 ||    68
 Stab: Held in net/web   |       |     2 |       |       |       |       |       |       |     2 ||     4
       Sleeping          |       |       |     1 |       |     2 |       |       |       |       ||     3
       Paralysed         |       |       |       |     3 |       |       |       |       |       ||     3
       Distracted        |       |       |       |       |       |     1 |     2 |     2 |     8 ||    13
       Invisible         |       |       |       |       |       |       |       |       |     1 ||     1
  Eat: Chunk             |     1 |     3 |     6 |     9 |    13 |    13 |     8 |    22 |    16 ||    91
       Royal jelly       |       |     1 |       |       |     1 |     1 |       |       |     3 ||     6
       Pizza             |       |     1 |     1 |     1 |       |     4 |       |     4 |     5 ||    16
       Fruit             |       |       |     4 |     4 |    18 |     6 |     3 |       |     9 ||    44
       Bread ration      |       |       |     1 |     3 |     3 |     3 |     3 |     2 |     9 ||    24
       Beef jerky        |       |       |     1 |       |     1 |     4 |     1 |     1 |     4 ||    12
       Meat ration       |       |       |       |       |       |     2 |     2 |       |    25 ||    29
